 Dungeon Crawl Stone Soup version 0.20-a0-673-g53087c7 (webtiles) character file.

366 M4edhros the Sneak (level 6, -1/41 HPs)
             Began as an Octopode Artificer on Feb 18, 2017.
             Was a Follower of Dithmenos.
             Slain by Crazy Yiuf
             ... wielding a +2 quarterstaff of chaos
              (11 damage)
             ... on level 3 of the Dungeon.
             The game lasted 00:02:57 (3545 turns).

M4edhros the Sneak (Octopode Artificer)             Turns: 3545, Time: 00:02:59

Health: -1/41      AC:  1    Str: 11    XL:     6   Next: 68%
Magic:  8/8        EV: 14    Int: 13    God:    Dithmenos [*.....]
Gold:   183        SH:  0    Dex: 15    Spells: 5/5 levels left

rFire    . . .     SeeInvis .   s - +0 scythe
rCold    + . .     Gourm    .   (shield currently unavailable)
rNeg     . . .     Faith    .   (helmet restricted)
rPois    .         Spirit   .   (no amulet)
rElec    .         Reflect  .   (no ring)
rCorr    .         Harm     .   (no ring)
MR       .....                  (no ring)
Stlth    +++++.....             (no ring)
Regen    0.2/turn               (no ring)
MPRegen  0.2/turn               (no ring)
                                (no ring)
                                (no ring)

@: wreathed by umbra, drained
A: almost no armour, stealthy swim, amphibious, 8 rings, constrict 8, camouflage
1, cold resistance 1, sense surroundings 1, gelatinous body 1
a: Renounce Religion


You were on level 3 of the Dungeon.
You worshipped Dithmenos.
Dithmenos was aware of your devotion.
You were not hungry.

You visited 1 branch of the dungeon, and saw 3 of its levels.

You collected 183 gold pieces.

Inventory:

Hand Weapons
 a - a +0 short sword
 k - a +0 hunting sling
 o - a +0 hunting sling
 s - a +0 scythe (weapon)
Missiles
 p - 55 stones (quivered)
Jewellery
 m - a cursed +6 ring of intelligence {unknown}
 t - a +3 ring of strength {unknown}
Wands
 b - a wand of flame (12/48)
 c - a wand of enslavement (11/24)
 d - a wand of random effects (15/48)
Scrolls
 e - 2 scrolls of fog {unknown}
 g - 4 scrolls of amnesia {unknown}
 h - a scroll of teleportation {unknown}
 i - 3 scrolls of noise {unknown}
 j - 4 scrolls of identify {unknown}
 n - a scroll of fear {unknown}
 q - a scroll of remove curse {unknown}
Potions
 r - a potion of curing {unknown}
 u - a potion of haste {unknown}
Books
 v - a book of Callings

   Spells                             Type                      Level
   a - Summon Small Mammal            Summoning                    1
   b - Call Imp                       Summoning                    2
   c - Call Canine Familiar           Summoning                    3
   d - Summon Guardian Golem          Hexes/Summoning              3
   e - Summon Lightning Spire         Summoning/Air                4
   f - Summon Ice Beast               Ice/Summoning                4
Comestibles
 f - 4 bread rations
 l - a royal jelly


   Skills:
 + Level 2.4(2.0) Fighting
 - Level 1.0(0.7) Short Blades
 * Level 3.0(2.7) Slings
 + Level 2.8(2.5) Dodging
 + Level 6.8(6.4) Stealth
 - Level 3.2(2.9) Evocations


You had 5 spell levels left.
You didn't know any spells.

Dungeon Overview and Level Annotations

Branches:
Dungeon (3/15)

Altars:
Dithmenos
Fedhas

Annotations:
D:3 Crazy Yiuf


Innate Abilities, Weirdness & Mutations

You cannot wear most types of armour.
You are very stealthy in the water. (Stealth+)
You are amphibious.
You can wear up to eight rings at the same time.
You can use your tentacles to constrict eight enemies at once.
Your skin changes colour to match your surroundings (Stealth+).
Your rubbery body absorbs attacks. (AC +1, EV +1)
Your flesh is cold resistant. (rC+)
You passively map a small area around you.


Message History

You hit Crazy Yiuf but do no damage. Your grab misses Crazy Yiuf.
Crazy Yiuf is heavily wounded.
Crazy Yiuf glowers.
Crazy Yiuf barely misses you.
Crazy Yiuf hits you with a quarterstaff of chaos!
You feel drained.
You hit Crazy Yiuf but do no damage. Your grab misses Crazy Yiuf.
You squeeze Crazy Yiuf, but do no damage.
Crazy Yiuf is heavily wounded.
Crazy Yiuf hits you with a quarterstaff of chaos!
Crazy Yiuf says, "Fire!
Hack alas seventy."
Crazy Yiuf misses you.
You hit Crazy Yiuf. Your grab misses Crazy Yiuf. You squeeze Crazy Yiuf.
Crazy Yiuf is severely wounded.
Crazy Yiuf hits you with a quarterstaff of chaos!
* * * LOW HITPOINT WARNING * * *
Crazy Yiuf burns you.
* * * LOW HITPOINT WARNING * * *
Crazy Yiuf hits you with a quarterstaff of chaos!
You die...

#.......# ##.#
#.......# #.#
#.......######.##
######.#.........
###.........
##### #...>.....
#..)# #.........
#.g.# #..)......
#.@.# #.........
##'## #.........
♣♣.♣ #.........
♣.♣♣ #.........
♣♣.♣ #.........
♣.♣♣ #..#######
♣♣.♣♣ ###.## ##
♣.P.♣♣ #...# #.
♣PP..♣ #.### ###.


You could see Crazy Yiuf.

Vanquished Creatures
  Sigmund (D:2)
  An orc wizard (D:3)
  Ijyb (D:3)
  A worker ant (D:3)
  Robin (D:2)
  3 adders
  2 oozes
  4 worms
  4 dart slugs
  A leopard gecko (D:1)
  3 orcs (D:3)
  A ball python (D:2)
  4 giant cockroaches (D:2)
  12 goblins
  4 hobgoblins
  2 jackals (D:1)
  4 kobolds
  5 bats
  2 frilled lizards (D:3)
  14 rats
  A fungus (D:3)
71 creatures vanquished.

Vanquished Creatures (collateral kills)
  2 orcs (D:3)
  A frilled lizard (D:3)
3 creatures vanquished.

Vanquished Creatures (others)
  A goblin (D:2)
1 creature vanquished.

Grand Total: 75 creatures vanquished

Notes
Turn   | Place    | Note
-------+----------+-------------------------------------------
     0 | D:1      | M4edhros the Octopode Artificer began the quest for the Orb.
     0 | D:1      | Reached XP level 1. HP: 13/13 MP: 3/3
    54 | D:1      | Reached skill level 2 in Stealth
   299 | D:1      | Reached skill level 3 in Stealth
   299 | D:1      | Reached XP level 2. HP: 16/18 MP: 4/4
   704 | D:2      | Noticed Robin
   749 | D:3      | Reached skill level 4 in Stealth
   749 | D:3      | Reached XP level 3. HP: 23/23 MP: 5/5
   763 | D:3      | Found a shadowy altar of Dithmenos.
   923 | D:3      | Reached skill level 5 in Stealth
  1090 | D:3      | Became a worshipper of Dithmenos the Shadowed
  1116 | D:3      | HP: 1/23 [hobgoblin/club[Robin] (4)]
  1141 | D:3      | Reached XP level 4. HP: 4/28 MP: 6/6
  1415 | D:3      | Found a blossoming altar of Fedhas.
  1717 | D:3      | Noticed Ijyb
  1730 | D:3      | Killed Ijyb
  1730 | D:3      | Reached skill level 1 in Slings
  1730 | D:3      | Reached skill level 6 in Stealth
  2070 | D:1      | Reached XP level 5. HP: 32/33 MP: 7/7
  2818 | D:2      | Reached * piety under Dithmenos
  2833 | D:2      | Noticed Sigmund
  2842 | D:2      | Killed Sigmund
  2842 | D:2      | Reached XP level 6. HP: 20/39 MP: 8/8
  2908 | D:2      | Gained mutation: You passively map a small area around you. [potion of mutation]
  2908 | D:2      | Gained mutation: Your flesh is cold resistant. (rC+) [potion of mutation]
  2912 | D:2      | Killed Robin
  3535 | D:3      | Found a runed door.
  3539 | D:3      | Noticed Crazy Yiuf
  3545 | D:3      | Slain by Crazy Yiuf

Vault maps used:
D:1:      dpeg_arrival_erosion
D:2:      uniq_robin, uniq_sigmund
D:3:      old_standard_altar, grunt_dithmenos_smoke_and_mirrors,
          uniq_crazy_yiuf_cottage, uniq_iyjb

Skill      XL: |  1  2  3  4  5  6 |
---------------+-------------------+-----
Stealth        | 3 4 5 6 |  6.8
Slings         | 1 2 3 |  3.0
Fighting       | 2 |  2.4
Short Blades   | |  1.0
Dodging        | |  2.8
Evocations     | |  3.2

Action                   |  1- 3 |  4- 6 || total
-------------------------+-------+-------++-------
Melee: Short sword       |    30 |    93 ||   123
       Constrict         |     6 |    27 ||    33
       Tentacles         |     7 |    25 ||    32
       Scythe            |       |    20 ||    20
Evoke: Wand              |     5 |     2 ||     7
  Use: Potion            |       |     1 ||     1
 Stab: Sleeping          |     9 |    13 ||    22
       Distracted        |       |     4 ||     4
  Eat: Chunk             |       |     8 ||     8
Armor: Skin              |     3 |    10 ||    13
Dodge: Dodged            |    12 |    60 ||    72
